 Dungeon Sprint DCSS version 0.25-a0-424-g80bd347ae0 (webtiles) character file.

Game seed: 2767343853041003997, levelgen mode: deterministic

7891 Baz the Devastator (level 11, -3/56 HPs)
             Began as a Gargoyle Earth Elementalist on Jan 20, 2020.
             Was a High Priest of Vehumet.
             Hit by a javelin thrown by Urug (15 damage)
             ... in the Dungeon (Sprint III: "The Ten Rune Challenge").
             The game lasted 00:13:04 (3449 turns).

Baz the Devastator (Gargoyle Earth Elementalist)    Turns: 3449, Time: 00:13:05

Health: -3/56      AC: 11    Str: 11    XL:     11   Next: 22%
Magic:  19/29      EV: 12    Int: 20    God:    Vehumet [*****.]
Gold:   54         SH:  0    Dex: 10    Spells: 23/39 levels left

rFire    + . .     SeeInvis .   a - +2 dagger (speed)
rCold    . . .     Gourm    .   (no shield)
rNeg     + . .     Faith    .   o - +1 robe {rF+}
rPois    ∞         Spirit   .   (no helmet)
rElec    +         Reflect  .   (no cloak)
rCorr    .         Harm     .   (no gloves)
MR       .....     NoTele   +   (no boots)
Stlth    ++........             (no amulet)
HPRegen  0.18/turn              (no ring)
MPRegen  0.21/turn              (no ring)

@: hasted, very quick
A: negative energy resistance 1, electricity resistance, unbreathing,
petrification resistance, rot immunity, AC +8
a: Renounce Religion


You were in the Dungeon.
You worshipped Vehumet.
Vehumet was extremely pleased with you.
You were not hungry.

You visited 1 branch You collected 54 gold pieces.

Inventory:

Hand Weapons
 a - a +2 dagger of speed (weapon)
 p - a +0 dagger of venom
Armour
 c - a +0 robe
 o - a +1 robe of fire resistance (worn)
Scrolls
 f - 2 scrolls of torment {unknown}
 i - 4 scrolls of remove curse
 k - a scroll of enchant armour {unknown}
 m - a scroll of identify {unknown}
Potions
 l - 3 potions of flight
 n - 5 potions of mutation
Comestibles
 d - 2 rations


   Skills:
 + Level 1.4 Fighting
 - Level 1.5 Dodging
 - Level 2.1 Stealth
 + Level 14.9 Spellcasting
 + Level 16.5 Conjurations
 - Level 0.7 Transmutations
 + Level 10.2 Fire Magic
 - Level 11.8 Earth Magic


You had 23 spell levels left.
You knew the following spells:

 Your Spells              Type           Power        Failure   Level  Hunger
a - Sandblast             Erth           ######       1%          1    None
b - Stone Arrow           Conj/Erth      ######       1%          3    None
c - Petrify               Tmut/Erth      #####...     3%          4    None
d - Lee's Rapid Deconstr  Erth           ######....   1%          5    ###....
e - Conjure Flame         Conj/Fire      ######..     1%          3    None

Your spell library contained the following spells:

 Spells                   Type           Power        Failure   Level  Hunger
 Olgreb's Toxic Radiance  Pois           ##......     11%         4    None
 Passwall                 Tmut/Erth      #####...     1%          2    None
 Animate Skeleton         Necr           N/A          4%          1    None
 Apportation              Tloc           ##....       4%          1    None
 Corona                   Hex            ##.....      4%          1    None
 Summon Small Mammal      Summ           ##..         4%          1    None
 Confusing Touch          Hex            ##......     13%         3    None
 Gell's Gravitas          Tloc           ##........   13%         3    None
 Yara's Violent Unravell  Hex/Tmut       ###.......   24%         5    ###....
 Metabolic Englaciation   Hex/Ice        ##........   75%         5    ###....


Dungeon Overview and Level Annotations

Branches:
Dungeon (1/1)

Altars:
Dithmenos
Elyvilon
Kikubaaqudgha
Okawaru
Ru
Sif Muna
Trog
Uskayaw
Vehumet
Wu Jian
Yredelemnul
Zin
The Shining One
Beogh

Annotations:
D Urug


Innate Abilities, Weirdness & Mutations

You are resistant to torment.
Your stone body is resilient. (AC +8)
You are immune to poison.
You resist negative energy. (rN+)
You are resistant to electric shocks. (rElec)
You can survive without breathing.
You are immune to petrification.
You are immune to rotting.


Message History

* * * LOW HITPOINT WARNING * * *
x2 Unknown command.
Casting: Lee's Rapid Deconstruction (safe; 1% risk of failure)
Confirm with . or Enter, or press ? or * to list all spells.
Aiming: Lee's Rapid Deconstruction (safe; 1% risk of failure)
Press: ? - help, Dir - move target cursor A rock wall.
Okay, then.
You feel better. Urug hits you but does no damage.
You feel yourself speed up. Urug barely misses you.
Unknown command.
Casting: Lee's Rapid Deconstruction (safe; 1% risk of failure)
Confirm with . or Enter, or press ? or * to list all spells.
Aiming: Lee's Rapid Deconstruction (safe; 1% risk of failure)
Press: ? - help, Dir - move target cursor A rock wall.
The wall shatters!
The blast of rock fragments hits Urug.
Urug is lightly wounded.
Urug throws a javelin.
The javelin pierces through you!
You die...

#.....#[).# #...'.#§§§#.#)#...#.
##....#___# +...#.#§§.#.(.#...##
▓▓▓▓▓▓▓▓▓▓▓ ▓▓▓▓▓▓▓▓▓▓▓▓▓▓▓▓▓▓#.
≈≈≈♣♣.....♣♣♣♣≈≈≈.....÷..≈≈≈...##
≈≈≈♣♣.≈≈≈≈'♣♣'♣≈≈≈≈≈≈≈≈≈≈≈≈♣♣P.'.
≈Y≈.+.....#.≈♣♣♣♣♣♣♣♣♣♣♣♣♣♣♣♣PP##
§..♣♣♣♣♣♣♣#..♣♣ ♣♣♣## §.≈♣
###'♣♣♣♣♣ #### ♣♣♣♣.##@.##
♣...##.##o# ♣♣.##†##†## ♣..#.##.
♣♣.##.## ♣♣.##.# ♣.....# #######


You could see Urug.

Vanquished Creatures
  A centaur warrior (D)
  Erica (D)
  An unseen horror (D)
  A lindwurm (D)
  A deep elf mage (D)
  2 elephants (D)
  2 spiny frogs (D)
  A rime drake (D)
  A komodo dragon (D)
  3 wandering mushrooms (D)
  2 tyrant leeches (D)
  5 blink frogs (D)
  3 redbacks (D)
  A shadow (D)
  A swamp drake (D)
  A necrophage (D)
  2 centaurs (D)
  An earth elemental (D)
  A water elemental (D)
  A jelly (D)
  A wizard (D)
  A necromancer (D)
  3 humans (D)
  A kobold demonologist (D)
  A wolf (D)
  An ooze (D)
  3 rats (D)
43 creatures vanquished.

Vanquished Creatures (others)
  2 draconian scorchers (D)
  Nessos (D)
  6 hellions (D)
  3 yaktaurs (D)
  4 plants (D)
16 creatures vanquished.

Grand Total: 59 creatures vanquished

Notes
Turn   | Place    | Note
-------+----------+-------------------------------------------
     0 | D        | Baz the Gargoyle Earth Elementalist began the quest for the
                  | Orb.
     0 | D        | Reached XP level 1. HP: 10/10 MP: 3/3
    75 | D        | Killed a yaktaur
    94 | D        | Reached XP level 2. HP: 15/15 MP: 4/6
   103 | D        | Killed a hellion
   116 | D        | Killed a hellion
   116 | D        | Killed a hellion
   128 | D        | Killed a hellion
   130 | D        | Killed a hellion
   149 | D        | HP: 1/22 [human (5)]
   153 | D        | Reached skill level 5 in Earth Magic
   153 | D        | Reached XP level 3. HP: 2/19 MP: 1/9
   159 | D        | Killed a hellion
   159 | D        | Killed a white draconian scorcher
   172 | D        | Killed a white draconian scorcher
   437 | D        | Reached skill level 5 in Spellcasting
   587 | D        | Noticed a water elemental
   591 | D        | Killed a water elemental
   591 | D        | Reached XP level 4. HP: 24/24 MP: 5/12
   651 | D        | Learned a level 3 spell: Stone Arrow
   656 | D        | Learned a level 4 spell: Petrify
   657 | D        | Found a radiant altar of Vehumet.
   657 | D        | Found a shimmering blue altar of Sif Muna.
   657 | D        | Found an ancient bone altar of Kikubaaqudgha.
   657 | D        | Noticed a wizard
   658 | D        | Killed a wizard
   658 | D        | Reached XP level 5. HP: 28/28 MP: 11/14
   663 | D        | Noticed a sixfirhy
   665 | D        | Noticed a soul eater
   667 | D        | Noticed a red devil
   801 | D        | Became a worshipper of Vehumet
   885 | D        | Learned a level 5 spell: Lee's Rapid Deconstruction
   898 | D        | Found a basalt altar of Yredelemnul.
   898 | D        | Found a shadowy altar of Dithmenos.
   898 | D        | Found a sacrificial altar of Ru.
   898 | D        | Noticed a necrophage
   901 | D        | Killed a necrophage
   901 | D        | Reached skill level 4 in Conjurations
   901 | D        | Reached XP level 6. HP: 32/32 MP: 6/17
  1065 | D        | Killed a yaktaur
  1200 | D        | Found a hide-covered altar of Uskayaw.
  1200 | D        | Found a roughly hewn altar of Beogh.
  1200 | D        | Found an iron altar of Okawaru.
  1200 | D        | Found a bloodstained altar of Trog.
  1200 | D        | Found an ornate altar of the Wu Jian Council.
  1200 | D        | Noticed a human
  1200 | D        | Noticed a human
  1202 | D        | Killed a human
  1202 | D        | Reached * piety under Vehumet
  1202 | D        | Offered knowledge of Magic Dart by Vehumet.
  1202 | D        | Reached skill level 6 in Conjurations
  1205 | D        | Killed a human
  1205 | D        | Reached skill level 10 in Spellcasting
  1205 | D        | Reached skill level 7 in Conjurations
  1205 | D        | Reached XP level 7. HP: 36/36 MP: 1/20
  1372 | D        | Found a glowing silver altar of Zin.
  1372 | D        | Found a glowing golden altar of the Shining One.
  1372 | D        | Found a white marble altar of Elyvilon.
  1373 | D        | Noticed a deep elf mage
  1392 | D        | Killed a deep elf mage
  1392 | D        | Reached skill level 9 in Conjurations
  1392 | D        | Reached skill level 10 in Earth Magic
  1392 | D        | Reached XP level 8. HP: 28/41 MP: 21/23
  1502 | D        | Noticed a shadow
  1508 | D        | Reached ** piety under Vehumet
  1508 | D        | Offered knowledge of Searing Ray by Vehumet.
  1529 | D        | Killed a shadow
  1529 | D        | Reached skill level 10 in Conjurations
  1653 | D        | Noticed Erica
  1656 | D        | Killed Erica
  1656 | D        | Offered knowledge of Conjure Flame by Vehumet.
  1656 | D        | Reached skill level 11 in Conjurations
  1656 | D        | Reached XP level 9. HP: 45/45 MP: 11/25
  1731 | D        | Learned a level 3 spell: Conjure Flame
  1846 | D        | Noticed a centaur warrior
  1852 | D        | Reached *** piety under Vehumet
  1852 | D        | Reached skill level 12 in Conjurations
  1852 | D        | Reached skill level 1 in Fire Magic
  1853 | D        | Killed a centaur warrior
  1853 | D        | Reached skill level 13 in Conjurations
  1853 | D        | Offered knowledge of Inner Flame by Vehumet.
  1998 | D        | Killed an unseen horror
  1998 | D        | Reached skill level 5 in Fire Magic
  2169 | D        | Noticed a wandering mushroom
  2176 | D        | Killed a wandering mushroom
  2176 | D        | Reached **** piety under Vehumet
  2176 | D        | Reached skill level 14 in Conjurations
  2176 | D        | Reached XP level 10. HP: 50/50 MP: 14/27
  2231 | D        | Offered knowledge of Fulminant Prism by Vehumet.
  2335 | D        | Noticed a spiny frog
  2335 | D        | Noticed a spiny frog
  2338 | D        | Killed a spiny frog
  2358 | D        | Killed a spiny frog
  2358 | D        | Reached ***** piety under Vehumet
  2358 | D        | Offered knowledge of Hailstorm by Vehumet.
  2358 | D        | Reached skill level 15 in Conjurations
  2544 | D        | Killed Nessos
  2954 | D        | Noticed an elephant
  2954 | D        | Noticed an elephant
  2958 | D        | Killed an elephant
  2964 | D        | Noticed a dire elephant
  2965 | D        | Killed an elephant
  2965 | D        | Reached skill level 16 in Conjurations
  2965 | D        | Reached XP level 11. HP: 27/54 MP: 2/29
  3114 | D        | Noticed a dire elephant
  3191 | D        | Offered knowledge of Olgreb's Toxic Radiance by Vehumet.
  3196 | D        | Noticed a lindwurm
  3239 | D        | Killed a lindwurm
  3239 | D        | Reached skill level 10 in Fire Magic
  3439 | D        | Reached skill level 1 in Fighting
  3444 | D        | Noticed Urug
  3445 | D        | HP: 1/56 [Urug/+2 vorpal great sword (6)]
  3449 | D        | Hit by a javelin thrown by Urug

Levels and vault maps discovered:
D:        dungeon_sprint_mu [sprint_mu_entry_cave, sprint_mu_temple_rooms,
          sprint_mu_d1_horrors, sprint_mu_d2_genie, sprint_mu_d3_branching,
          sprint_mu_orc_legion, sprint_mu_elf_gauntlet, sprint_mu_hive_nellie,
          sprint_mu_lair_fedhas, sprint_mu_vaults_butterflies,
          sprint_mu_slime_circle, sprint_mu_shoals_archi,
          sprint_mu_snake_twists, sprint_mu_blade_basic,
          sprint_mu_crypt_chambers, sprint_mu_tomb_spiral,
          sprint_mu_vestibule_basic, sprint_mu_gehenna_hellfire,
          sprint_mu_dis_giant, sprint_mu_tartarus_statrot,
          sprint_mu_cocytus_islands, sprint_mu_zot1]

Skill      XL: |  1  2  3  4  5  6  7  8  9 10 11 |
---------------+----------------------------------+-----
Spellcasting   | 3 4 6 7 8 10 11 12 13 14 | 14.9
Earth Magic    | 4 5 7 8 9 10 11 | 11.8
Conjurations   | 4 7 9 11 14 16 | 16.5
Fire Magic     | 5 9 10 | 10.2
Fighting       | 1 |  1.4
Dodging        | |  1.5
Stealth        | |  2.1
Transmutations | |  0.7

Action                   |  1- 3 |  4- 6 |  7- 9 | 10-12 || total
-------------------------+-------+-------+-------+-------++-------
Melee: Unarmed           |    17 |       |       |       ||    17
       Dagger            |       |    29 |    14 |     9 ||    52
 Cast: Sandblast         |    18 |     7 |     5 |       ||    30
       Stone Arrow       |       |     7 |    15 |    58 ||    80
       Lee's Rapid Decon |       |     4 |     5 |    10 ||    19
       Conjure Flame     |       |       |     2 |       ||     2
       Petrify           |       |       |       |     4 ||     4
  Use: Potion            |     2 |     1 |     2 |     3 ||     8
       Scroll            |       |       |       |     1 ||     1
 Stab: Sleeping          |       |       |     1 |       ||     1
       Petrified         |       |       |       |     7 ||     7
  Eat: Ration            |       |     1 |       |     1 ||     2
       Chunk             |       |       |     2 |     2 ||     4
Armor: Robe              |     1 |    11 |    11 |    12 ||    35
Dodge: Dodged            |    16 |    10 |     1 |    20 ||    47

Table legend:
 A = Non-vault XP
 B = Vault XP
 C = Vault XP percentage of total XP
 D = Non-vault monster count
 E = Vault monster count
 F = Vault count percentage of total count
                 A         B        C        D         E       F
            +---------+---------+-------+---------+---------+-------
      Total |       0 |   11274 | 100.0 |       0 |      43 | 100.0
            +---------+---------+-------+---------+---------+-------
          D |       0 |   11274 | 100.0 |       0 |      43 | 100.0
            +---------+---------+-------+---------+---------+-------
